 Dungeon Crawl Stone Soup version 0.31-a0-344-gd109795599 (webtiles) character file.

Game seed: 1457992915801547801

44 derpindaisy the Chopper (level 3, -1/43 HPs)
             Began as a Demonspawn Berserker on July 21, 2023.
             Was a Follower of Trog.
             Slain by Terence
             ... wielding a +0 short sword
              (6 damage)
             ... on level 2 of the Dungeon.
             The game lasted 00:02:57 (1354 turns).

derpindaisy the Chopper (Demonspawn Berserker)      Turns: 1354, Time: 00:02:58

Health: -1/43      AC:  2    Str: 17    XL:     3   Next: 39%
Magic:  3/3        EV: 12    Int:  8    God:    Trog [*.....]
Gold:   111        SH:  0    Dex: 14    Spells: 2/2 levels left

rFire   . . .        a - +0 hand axe
rCold   . . .        (no shield)
rNeg    . . .        b - +0 animal skin
rPois   .            (helmet currently unavailable)
rElec   .            (cloak currently unavailable)
rCorr   .            (gloves currently unavailable)
SInv    .            (boots currently unavailable)
Will    .....        (no amulet) Stlth
                     (no ring)
HPRegen 0.27/turn    (no ring)
MPRegen 0.08/turn

%: no passive effects
@: berserking, beast-form, very quick
A: beast (slay +0), claws 1, powered by pain 1
a: Begin Untransformation, Renounce Religion, Berserk


You were on level 2 of the Dungeon.
You worshipped Trog.
Trog was aware of your devotion.
You were a hulking beast.
You visited 1 branch of the dungeon, and saw 2 of its levels.

You collected 111 gold pieces.

Inventory:

Hand Weapons
 a - a +0 hand axe (weapon)
Armour
 b - a +0 animal skin (worn)
Talismans
 h - a beast talisman
Scrolls
 d - a scroll of enchant weapon {unknown}
 f - a scroll of teleportation
Potions
 c - a potion of heal wounds {unknown}
 e - a potion of curing
 j - a potion of magic


   Skills:
 + Level 3.3 Fighting
 + Level 3.4 Axes
 + Level 1.9 Armour
 + Level 2.1 Dodging
 * Level 0.2 Shapeshifting


You had 2 spell levels left.
You didn't know any spells.
Your spell library was empty.

Dungeon Overview and Level Annotations

Branches:
Dungeon (2/15)

Altars:
Yredelemnul

Annotations:
D:2 Terence


Innate Abilities, Weirdness & Mutations

You are a hulking beast.
Your limbs bulge with bestial killing power. (Slay +0)
You have sharp fingernails.
You sometimes gain a little power by taking damage.


Message History

The goblin closely misses you.
You completely miss the goblin.
Terence shouts!
The goblin hits you with a +0 dagger.
You closely miss the goblin. The goblin hits you with a +0 dagger.
You hit the goblin.
You kill the goblin!
Trog accepts your kill.
You see here a +0 dagger.
Terence hits you with a +0 short sword.
You hit Terence but do no damage. Terence hits you with a +0 short sword.
You closely miss Terence. Terence hits you but does no damage.
You hit Terence.
Terence is moderately wounded.
Terence barely misses you. Terence hits you with a +0 short sword.
You closely miss Terence.
Terence is moderately wounded.
Terence looks scornfully at you. Terence closely misses you.
You hit Terence but do no damage.
Terence is moderately wounded.
Terence barely misses you.
You hit Terence.
Terence is moderately wounded.
Terence hits you with a +0 short sword.
You barely miss Terence.
Terence is moderately wounded.
Terence barely misses you.
You closely miss Terence.
Terence is moderately wounded.
Terence hits you with a +0 short sword.
You hit Terence but do no damage.
Terence is moderately wounded.
Terence hits you with a +0 short sword!
* * * LOW HITPOINT WARNING * * *
Okay, then.
A red film seems to cover your vision as you go berserk!
You feel yourself moving faster!
You feel mighty! Terence hits you with a +0 short sword.
You die...

####.#....... ...........
.....#........#...##############.
........................ #..
###...#................. #.#
#...#................. #..
#...#................. #.. #...#
#+#........... #..
#...#####.#........... #..
#.........#..)h@...... ....
#..................... #.#..
#.#########........... ###.. #.#
#........... #.. #.# #...........
#.# ............ #.#
############# #.


You could see Terence.

Vanquished Creatures
  An adder (D:2)
  2 dart slugs (D:1)
  5 endoplasms
  A giant cockroach (D:1)
  3 hobgoblins (D:1)
  6 ball pythons
  4 bats (D:1)
  2 frilled lizards
  3 goblins
  A kobold (D:1)
  A rat (D:2)
29 creatures vanquished.

Notes
Turn   | Place    | Note
-------+----------+-------------------------------------------
     0 | D:1      | derpindaisy the Demonspawn Berserker began the quest for
                  | the Orb.
     0 | D:1      | Reached XP level 1. HP: 18/18 MP: 1/1
    38 | D:1      | Found a faded altar of an unknown god.
    92 | D:1      | Discovered your monstrous ancestry.
    92 | D:1      | Gained mutation: You have sharp fingernails. [demonic
                  | ancestry]
    92 | D:1      | Reached XP level 2. HP: 24/24 MP: 2/2
   911 | D:2      | Gained mutation: You sometimes gain a little power by
                  | taking damage. [demonic ancestry]
   911 | D:2      | Reached XP level 3. HP: 24/29 MP: 3/3
  1229 | D:2      | Found a basalt altar of Yredelemnul.
  1339 | D:2      | Noticed Terence
  1354 | D:2      | Slain by Terence

Illustrated notes

Levels and vault maps discovered:
D:1:      amcnicky_arrival_abandoned_market, layout_loops_ring,
          chequers_ecumenical_altar_simple, amcnicky_mini_rare_corridor_liquid
D:2:      layout_basic, serial_shops, nicolae_shop_pleasant_corner_grove,
          basic_altar, uniq_terence

Skill      XL: |  1  2 |
---------------+-------+-----
Axes           | 3 |  3.4
Dodging        | 2 |  2.1
Fighting       | |  3.3
Armour         | |  1.9
Shapeshifting  | |  0.2

Action                     || total
---------------------------++-------
  Melee: Hand axe          ||    89
 Invoke: Berserk           ||     1
    Use: Potion            ||     5
         Scroll            ||     2
   Stab: Sleeping          ||     1
 Armour: Animal skin       ||    20
  Dodge: Dodged            ||    55
   Form: Beast             ||     1

Table legend: (Time is in decaauts)
 A = Elapsed time spent in this place.
 B = Non-inter-level travel time spent in this place.
 C = Inter-level travel time spent in this place.
 D = Time resting spent in this place.
 E = Time spent auto-exploring this place.
 F = Levels seen in this place.
 G = Mean time per level.
                   A        B        C        D        E       F      G
               +--------+--------+--------+--------+--------+-----+--------+
         Total |   1367 |   1302 |     65 |    123 |    943 |   2 |  683.5 |
       Dungeon |   1367 |   1302 |     65 |    123 |    943 |   2 |  683.5 |
               +--------+--------+--------+--------+--------+-----+--------+

Top non-repeatable levels by time:
     D:1: 815 daAuts
     D:2: 551 daAuts
